 Dungeon Crawl Stone Soup version 0.28.0-53-g5a82cb258f (webtiles) character file.

Game seed: 13923059904189020271

40851 Lutefisk the Zephyrmancer (level 14, -1/90 HPs)
             Began as a Tengu Air Elementalist on Aug 21, 2022.
             Was a High Priest of Sif Muna.
             Slain by an orc warlord
             ... wielding a +2 long sword of electrocution
              (8 damage)
             ... on level 9 of the Dungeon.
             The game lasted 01:50:28 (10979 turns).

Lutefisk the Zephyrmancer (Tengu Air Elementalist) Turns: 10979, Time: 01:50:28

Health: -1/90      AC:  6    Str:  9    XL:     14   Next: 12%
Magic:  22/25      EV: 26    Int: 18    God:    Sif Muna [*****.]
Gold:   1083       SH:  0    Dex: 17    Spells: 6/27 levels left

rFire   + . .      SeeInvis .   x - +5 whip
rCold   + . .      Faith    .   (no shield)
rNeg    . . .      Spirit   .   k - +2 robe {Will+}
rPois   +          Reflect  .   (helmet restricted)
rElec   .          Harm     .   R - scarf {rC+ rF+}
rCorr   .          Rampage  .   v - +0 pair of gloves
Will    ++...                   (boots unavailable)
Stlth   +++.......              L - amulet of magic regeneration
HPRegen 0.25/turn               h - ring of poison resistance
MPRegen 0.59/turn               M - +4 ring of evasion

@: sluggish, about to teleport, flying quickly and evasively, very slow
A: beak, talons 3, nimble flight
a: Renounce Religion, Channel Magic, Forget Spell, Divine Exegesis


You were on level 9 of the Dungeon.
You worshipped Sif Muna.
Sif Muna was extremely pleased with you.
You visited 3 branches of the dungeon, and saw 17 of its levels.

You collected 1083 gold pieces.

Inventory:

Hand Weapons
 x - a +5 whip (weapon)
 Z - a +2 morningstar of holy wrath
Missiles
 c - 102 sling bullets
 A - 10 poisoned darts (quivered)
 K - 8 atropa-tipped darts
Armour
 k - a +2 robe of willpower (worn)
 q - a scarf of repulsion
 t - a +2 ring mail of positive energy
 v - a +0 pair of gloves (worn)
 y - a +3 ring mail of fire resistance
 E - a scarf of shadows
 H - the +3 scale mail "Suroeqof" {rPois Will+ Int+3 SInv}
   (You found it on level 6 of the Lair of Beasts)

   Int:       It affects your intelligence (+3).
   rPois:     It protects you from poison.
   SInv:      It lets you see invisible.
   Will:      It increases your willpower.
 R - a scarf of resistance (worn)
 S - a +2 robe of fire resistance
Magical Staves
 l - a staff of conjuration
 m - a staff of death
 I - a staff of cold
Jewellery
 h - a ring of poison resistance (left hand)
 J - an amulet of reflection
 L - an amulet of magic regeneration (around neck)
 M - a +4 ring of evasion (right hand)
 T - a ring of wizardry
 Y - a ring of willpower
Wands
 B - a wand of flame (25)
 F - a wand of digging (5)
 N - a wand of paralysis (6)
 Q - a wand of polymorph (11)
Scrolls
 e - 2 scrolls of brand weapon {unknown}
 i - 4 scrolls of vulnerability {unknown}
 j - 4 scrolls of immolation
 n - a scroll of enchant weapon {unknown}
 p - a scroll of teleportation
 r - 2 scrolls of fear
 s - 2 scrolls of torment
 z - 4 scrolls of enchant armour
 C - 3 scrolls of magic mapping
 G - 2 scrolls of summoning
 O - a scroll of fog {unknown}
 P - a scroll of acquirement {unknown}
 V - a scroll of blinking {unknown}
 X - 2 scrolls of noise {unknown}
Potions
 a - 3 potions of mutation
 b - 2 potions of haste {unknown}
 d - 4 potions of attraction
 f - a potion of heal wounds {unknown}
 g - a potion of curing
 o - 3 potions of brilliance
 u - a potion of magic {unknown}
 w - 2 potions of invisibility
 D - a potion of cancellation {unknown}
 U - a potion of lignification {unknown}
 W - 2 potions of might {unknown}


   Skills:
 - Level 11.0 Fighting
 - Level 1.0 Throwing
 * Level 9.4 Armour
 * Level 11.3 Dodging
 - Level 5.0 Stealth
 - Level 7.0 Spellcasting
 - Level 10.0 Conjurations
 - Level 1.0 Necromancy
 - Level 2.0 Fire Magic
 - Level 14.0 Air Magic
 - Level 1.0 Poison Magic
 - Level 5.0 Invocations
 - Level 5.0 Evocations


You had 6 spell levels left.
You knew the following spells:

 Your Spells              Type           Power      Damage    Failure   Level
a - Shock                 Conj/Air       100%       1d9       1%          1
b - Static Discharge      Conj/Air       49%        N/A       1%          2
c - Swiftness             Air            54%        N/A       1%          3
d - Airstrike             Air            27%        N/A       1%          4
e - Poisonous Vapours     Pois/Air       66%        N/A       1%          2
f - Corpse Rot            Necr/Air       66%        N/A       1%          2
g - Sticky Flame          Conj/Fire      27%        2d5       9%          4
h - Searing Ray           Conj           84%        2d7       1%          2
i - Apportation           Tloc           12%        N/A       11%         1

Your spell library contained the following spells:

 Spells                   Type           Power      Damage    Failure   Level
 Slow                     Hex            24%        N/A       11%         1
 Blink                    Tloc           12%        N/A       16%         2
 Ensorcelled Hibernation  Hex/Ice        12%        N/A       16%         2
 Wereblood                Tmut           6%         N/A       16%         2
 Vampiric Draining        Necr           9%         2d6       22%         3
 Confusing Touch          Hex            6%         N/A       32%         3
 Lesser Beckoning         Tloc           6%         N/A       32%         3
 Animate Dead             Necr           4%         N/A       56%         4
 Dispel Undead            Necr           9%         3d8       56%         4
 Alistair's Intoxication  Tmut/Pois      5%         N/A       94%         5
 Borgnjor's Vile Clutch   Necr/Erth      4%         N/A       94%         5
 Manifold Assault         Tloc           6%         N/A       96%         5
 Death Channel            Necr           4%         N/A       100%        6
 Eringya's Noxious Bog    Tmut/Pois      4%         N/A       100%        6


Dungeon Overview and Level Annotations

Branches:
Dungeon (9/15)             Temple (0/1) D:7            Lair (6/6) D:9
  Swamp (0/4) Lair:2        Snake (0/4) Lair:3        Slime (0/5) Lair:5
    Orc (2/2) D:9
    Elf: Orc:2

Altars:
Ashenzari
Elyvilon
Makhleb
Okawaru
Qazlal
Ru
Sif Muna
Trog
Uskayaw
Wu Jian
Zin
Jiyva
Lugonu

Shops:
D:2 [

Portals:
Abyss: Lair:6

Annotations:
D:6 3 runed translucent doors, jjjjhere's ghost, novice MiFi
Lair:4 3 runed translucent doors, JacoesBerries's ghost, journeyman DECj
Lair:6 3 runed translucent doors, Gunuh's ghost, journeyman VSFi


Innate Abilities, Weirdness & Mutations

You have a beak for a mouth.
You have claws for feet.
Your magical nature lets you fly swiftly and evasively.


Message History

Aim: an orc warlord, wielding a +2 long sword of electrocution, wearing a +0 plate armour and wearing a +0 kite shield (extremely poisoned, empty space bonus: 8/8)
The air twists around and strikes the orc warlord!
The orc warlord is lightly wounded.
Casting: Airstrike (safe; 1% risk of failure)
Confirm with . or Enter, or press ? or * to list all spells.
Okay, then.
Casting: Airstrike (safe; 1% risk of failure)
Confirm with . or Enter, or press ? or * to list all spells.
Aiming: Poisonous Vapours (safe; 1% risk of failure)
Press: ? - help, Dir - move target, f/p - orc warlord
Aim: an orc warlord, wielding a +2 long sword of electrocution, wearing a +0 plate armour and wearing a +0 kite shield (lightly wounded, extremely poisoned) Poisonous vapours surround the orc warlord!
The orc warlord looks as sick as possible!
Casting: Poisonous Vapours (safe; 1% risk of failure)
Confirm with . or Enter, or press ? or * to list all spells.
Okay, then.
You start to feel a little slower.
You feel sluggish.
Things that are here:
a +0 giant spiked club; an ogre corpse
There is a staircase back to the Dungeon, spattered with blood here.
Casting: Poisonous Vapours (safe; 1% risk of failure)
Confirm with . or Enter, or press ? or * to list all spells.
Okay, then.
The orc warlord hits you with a +2 long sword of electrocution!
Things that are here:
a +0 giant spiked club; an ogre corpse The orc warlord hits you with a +2 long sword of electrocution!!
There is a staircase back to the Dungeon, spattered with blood here.
The orc warlord hits you with a +2 long sword of electrocution!
You fly upwards.
Welcome back to the Dungeon!
There is a staircase to the Orcish Mines, spattered with blood here.
Things that are here:
a +0 chain mail; a +0 short sword
As you read the scroll of teleportation, it crumbles to dust.
You feel strangely unstable.
The orc warlord hits you with a +2 long sword of electrocution!!
* * * LOW HITPOINT WARNING * * *
You are electrocuted!
You die...

.#........#........#######
.#........#######[.......#
.#..............#........#
.#..............#....<####
.#..............#.....#
.##.............#.....#
..#.............#.....#
..#..>.........[#.....#
..####'########[@.....#
...............o......#
############..........#
...........'..........#
...........#..........#
........####..........#
........# ............#
........# ............#
........# #######.....#


You could see an orc warlord (very poisoned).

Vanquished Creatures
  6 hydras
  2 boulder beetles
  3 thrashing horrors (Lair:6)
  A fire crab (Lair:4)
  An orc knight (D:9)
  A necromancer (Lair:5)
  4 ugly things (Lair:6)
  An orc sorcerer (Orc:2)
  3 elephants (Lair:6)
  3 black mambas
  3 smoke demons (Lair:6)
  11 cane toads
  11 komodo dragons
  4 rime drakes
  An ancient zyme (Lair:6)
  A troll (D:9)
  6 polar bears
  22 blink frogs
  Sigmund (D:6)
  A ynoxinul (Lair:6)
  5 wyverns
  4 basilisks
  33 yaks
  3 chaos spawn (Lair:6)
  2 vampire mosquitoes (D:7)
  A warg (D:9)
  3 nagas (Lair:3)
  15 water moccasins
  2 large abominations (Lair:6)
  4 orc warriors
  3 ice beasts
  A black bear (Lair:3)
  12 wolves
  4 ogres
  2 centaurs (D:8)
  A kobold brigand (D:7)
  14 bullfrogs
  8 small abominations (Lair:6)
  A water moccasin skeleton (D:5)
  6 killer bees (D:9)
  12 wights
  5 electric eels (D:9)
  3 howler monkeys
  A centaur zombie (D:6)
  A centaur skeleton (D:7)
  4 jellies
  Crazy Yiuf (D:7)
  3 bullfrog skeletons
  3 orc priests
  4 hounds
  2 iguanas
  4 orc wizards
  3 yak simulacra (Lair:5)
  2 polar bear simulacra (Lair:5)
  4 wolf simulacra (Lair:5)
  A killer bee zombie (D:5)
  A hound zombie (D:5)
  A howler monkey zombie (D:6)
  A gnoll (D:5)
  3 adders
  2 white imps
  An ufetubus (D:5)
  3 dart slugs (D:3)
  21 orcs
  8 ball pythons
  3 endoplasms
  A giant cockroach (D:1)
  3 goblins
  11 hobgoblins
  2 jackals (D:3)
  4 quokkas
  2 bats
  3 frilled lizards
  8 kobolds
  4 rats
  2 river rat simulacra (Lair:5)
347 creatures vanquished.

Vanquished Creatures (others)
  43 fungi
  58 plants
101 creatures vanquished.

Grand Total: 448 creatures vanquished

Notes
Turn   | Place    | Note
-------+----------+-------------------------------------------
     0 | D:1      | Lutefisk the Tengu Air Elementalist began the quest for the
                  | Orb.
     0 | D:1      | Reached XP level 1. HP: 10/10 MP: 4/4
   169 | D:2      | Reached skill level 1 in Fighting
   230 | D:1      | Reached XP level 2. HP: 16/16 MP: 0/6
   427 | D:1      | Reached XP level 3. HP: 17/22 MP: 0/7
   565 | D:2      | Found Evvofemoo's Antique Armour Shoppe.
   604 | D:2      | Learned a level 2 spell: Static Discharge
   811 | D:3      | Found a burning altar of Makhleb.
   811 | D:3      | Found a glowing silver altar of Zin.
   812 | D:3      | Noticed an angel
   812 | D:3      | Noticed a green death
   978 | D:3      | Reached XP level 4. HP: 16/28 MP: 1/8
  1193 | D:4      | Learned a level 3 spell: Swiftness
  1243 | D:4      | Noticed an ogre
  1480 | D:5      | Entered Level 5 of the Dungeon
  1583 | D:5      | Found a shimmering blue altar of Sif Muna.
  1592 | D:5      | Reached skill level 5 in Air Magic
  1592 | D:5      | Gained mutation: Your magical nature lets you fly swiftly
                  | and evasively. [Tengu growth]
  1592 | D:5      | Reached XP level 5. HP: 31/33 MP: 4/9
  1596 | D:5      | Noticed an ice beast
  1611 | D:5      | Became a worshipper of Sif Muna the Loreminder
  1649 | D:5      | Killed an ice beast
  1650 | D:5      | Reached XP level 6. HP: 38/38 MP: 0/10
  1675 | D:5      | Reached skill level 6 in Air Magic
  1787 | D:5      | Noticed an ice beast
  1935 | D:5      | Killed an ice beast
  1955 | D:5      | Reached skill level 5 in Fighting
  1955 | D:5      | Reached XP level 7. HP: 24/44 MP: 0/11
  2179 | D:4      | Reached skill level 1 in Armour
  2282 | D:6      | Noticed Sigmund
  2293 | D:6      | Killed Sigmund
  2294 | D:6      | Reached skill level 1 in Invocations
  2294 | D:6      | Reached skill level 1 in Evocations
  2342 | D:6      | Reached XP level 8. HP: 46/49 MP: 5/13
  2347 | D:6      | Found a stormy altar of Qazlal.
  2358 | D:6      | Reached skill level 7 in Air Magic
  2429 | D:6      | Reached * piety under Sif Muna
  2631 | D:6      | Found a runed translucent gate.
  2631 | D:6      | Found a runed translucent gate.
  2631 | D:6      | Found a runed translucent gate.
  2631 | D:6      | Noticed jjjjhere's ghost (novice MiFi)
  2761 | D:6      | Found a bloodstained altar of Trog.
  2932 | D:7      | Reached skill level 8 in Air Magic
  2952 | D:7      | Reached XP level 9. HP: 27/56 MP: 8/16
  2981 | D:7      | Found a runed translucent door.
  2982 | D:7      | Noticed Crazy Yiuf
  3005 | D:7      | Killed Crazy Yiuf
  3080 | D:7      | Found a sacrificial altar of Ru.
  3126 | D:7      | Learned a level 4 spell: Airstrike
  3232 | D:7      | Found a staircase to the Ecumenical Temple.
  3643 | D:8      | Found a white marble altar of Elyvilon.
  3673 | D:8      | Reached skill level 9 in Air Magic
  3710 | D:8      | Reached skill level 5 in Dodging
  3726 | D:8      | Reached ** piety under Sif Muna
  3748 | D:8      | Found a broken altar of Ashenzari.
  3883 | D:8      | Reached skill level 5 in Spellcasting
  3929 | D:9      | Found a staircase to the Orcish Mines.
  3944 | D:9      | Reached XP level 10. HP: 19/63 MP: 1/18
  4195 | D:9      | Found an iron altar of Okawaru.
  4463 | D:9      | Reached skill level 5 in Armour
  4470 | D:9      | Reached skill level 10 in Air Magic
  4632 | D:9      | Found a staircase to the Lair.
  4704 | Lair:1   | Entered Level 1 of the Lair of Beasts
  4709 | Lair:1   | Reached skill level 1 in Throwing
  4785 | Lair:1   | Noticed a cane toad
  4822 | Lair:1   | Learned a level 2 spell: Poisonous Vapours
  4893 | Lair:1   | Reached skill level 1 in Poison Magic
  4925 | Lair:1   | Reached *** piety under Sif Muna
  4983 | Lair:1   | Reached skill level 5 in Stealth
  5203 | Lair:1   | Reached skill level 5 in Conjurations
  5203 | Lair:1   | Reached skill level 11 in Air Magic
  5203 | Lair:1   | Reached XP level 11. HP: 43/68 MP: 7/19
  5748 | Lair:2   | Noticed a six-headed hydra
  5757 | Lair:2   | Killed a six-headed hydra
  5811 | Lair:2   | Found a staircase to the Swamp.
  5831 | Lair:2   | Reached skill level 12 in Air Magic
  6163 | Lair:3   | Found a staircase to the Snake Pit.
  6194 | Lair:3   | Noticed a boulder beetle
  6208 | Lair:3   | Killed a boulder beetle
  6247 | Lair:3   | Learned a level 2 spell: Corpse Rot
  6286 | Lair:3   | Reached XP level 12. HP: 77/77 MP: 13/20
  6331 | Lair:4   | Reached skill level 10 in Fighting
  6331 | Lair:4   | Reached skill level 1 in Necromancy
  6349 | Lair:4   | Noticed a four-headed hydra
  6355 | Lair:4   | Killed a four-headed hydra
  6456 | Lair:3   | Noticed a four-headed hydra
  6465 | Lair:3   | Killed a four-headed hydra
  6550 | Lair:3   | You are sucked into a shaft and drop 1 floor!
  6628 | Lair:4   | Found a runed translucent gate.
  6629 | Lair:4   | Found a runed translucent gate.
  6630 | Lair:4   | Found a runed translucent gate.
  7202 | Lair:4   | Reached **** piety under Sif Muna
  7203 | Lair:4   | Reached skill level 10 in Dodging
  7224 | Lair:4   | Noticed JacoesBerries's ghost (journeyman DECj)
  7226 | Lair:4   | Noticed an ice dragon
  7389 | Lair:5   | Noticed an eight-headed hydra
  7395 | Lair:5   | Killed an eight-headed hydra
  7448 | Lair:5   | Found a viscous altar of Jiyva.
  7452 | Lair:5   | Found a staircase to the Slime Pits.
  7467 | Lair:5   | Reached skill level 13 in Air Magic
  7625 | Lair:5   | Identified the +0 leather armour of a treasure trove
                  | {Int+6}
  7635 | Lair:5   | Reached XP level 13. HP: 50/82 MP: 18/23
  7757 | Lair:6   | Entered Level 6 of the Lair of Beasts
  7757 | Lair:6   | Found a hide-covered altar of Uskayaw.
  7757 | Lair:6   | Found an ornate altar of the Wu Jian Council.
  7786 | Lair:6   | Found a runed translucent gate.
  7786 | Lair:6   | Found a runed translucent gate.
  7786 | Lair:6   | Found a runed translucent gate.
  7789 | Lair:6   | Noticed Gunuh's ghost (journeyman VSFi)
  7925 | Lair:6   | Identified the +3 scale mail "Suroeqof" {rPois Will+ Int+3
                  | SInv}
  7943 | Lair:6   | Learned a level 4 spell: Sticky Flame
  8117 | Lair:6   | Reached skill level 1 in Fire Magic
  8146 | Lair:6   | Reached skill level 5 in Evocations
  8247 | Lair:6   | Reached skill level 5 in Invocations
  8264 | Lair:6   | Reached ***** piety under Sif Muna
  8401 | Lair:6   | Received a gift from Sif Muna
  8402 | Lair:6   | Got Sif Muna's Early Guide to Spellweaving {god gift}
  8406 | Lair:6   | Learned a level 2 spell: Searing Ray
  8408 | Lair:6   | Learned a level 1 spell: Apportation
  8578 | Lair:6   | Reached skill level 10 in Conjurations
 10103 | Lair:6   | Reached skill level 14 in Air Magic
 10140 | Lair:6   | Reached XP level 14. HP: 58/90 MP: 6/24
 10249 | Lair:6   | Found a corrupted altar of Lugonu.
 10249 | Lair:6   | Found a one-way gate to the infinite horrors of the Abyss.
 10493 | Orc:1    | Entered Level 1 of the Orcish Mines
 10887 | Orc:2    | Entered Level 2 of the Orcish Mines
 10899 | Orc:2    | Noticed an orc warlord
 10979 | D:9      | Slain by an orc warlord

Illustrated notes

Levels and vault maps discovered:
D:1:      giann_wishing_wells, layout_basic, ebering_ecumenical_altar_abandoned
D:2:      layout_loops_ring, serial_shops, nicolae_shop_overgrown_old_shop
D:3:      layout_loops_ring, grunt_temple_overflow_order_and_chaos_2,
          minmay_increasing_density
D:4:      layout_basic, grunt_decor_resistance, kennysheep_generic_room_6
D:5:      minmay_clustersquares, layout_gridville,
          mainiacjoe_overflow_concentric_impassable, minmay_stone_trees_medium,
          chequers_big_river
D:6:      layout_rooms, mainiacjoe_overflow_boulevard, trog_wizard,
          ebering_ghost_rock_garden, uniq_sigmund
D:7:      layout_loops_ring, mainiacjoe_overflow_brackets,
          minmay_temple_entry_poolview, uniq_crazy_yiuf_cottage
D:8:      layout_basic, amcnicky_altar_gilded, lemuel_crystal_altar
D:9:      layout_irregular_city, kennysheep_mini_moat, erik_lair_island,
          orc_0_dummy
Lair:1:   layout_roguey, st_stairs_5
Lair:2:   layout_regular_city, swamp_mist, serial_bayou_shore_a
Lair:3:   layout_layer_cave, guppyfry_snake_entry_island
Lair:4:   layout_cave_pods, gammafunk_ghost_icy
Lair:5:   layout_gridlike, slime_altar_1, eino_house_with_fridge,
          grunt_megastairs_5
Lair:6:   hellmonk_lair_end_abyssal_woods, layout_loops_ring,
          gammafunk_ghost_split, nzn_masters_of_martial_movement,
          grunt_megastairs_4
Orc:1:    layout_caves, serial_shops, shop, nicolae_alphabet_shops, rock_pile,
          uniq_nergalle
Orc:2:    st_orc_ogre_mass, layout_diamond_mine

Skill      XL: |  1  2  3  4  5  6  7  8  9 10 11 12 13 14 |
---------------+-------------------------------------------+-----
Fighting       | 1 2 3 4 5 6 7 8 9 10 11 | 11.0
Air Magic      | 5 6 8 9 11 12 13 14 | 14.0
Stealth        | 3 5 |  5.0
Conjurations   | 3 4 5 6 8 10 | 10.0
Armour         | 2 3 4 5 6 8 9 |  9.4
Spellcasting   | 3 4 5 6 7 |  7.0
Invocations    | 1 2 3 4 5 |  5.0
Evocations     | 1 2 3 4 5 |  5.0
Dodging        | 3 5 6 7 10 11 | 11.3
Throwing       | 1 |  1.0
Poison Magic   | 1 |  1.0
Necromancy     | 1 |  1.0
Fire Magic     | 2 |  2.0

Action                   |  1- 3 |  4- 6 |  7- 9 | 10-12 | 13-15 || total
-------------------------+-------+-------+-------+-------+-------++-------
Melee: Spear             |    26 |    69 |    10 |       |       ||   105
       Unarmed           |     6 |       |       |       |       ||     6
       Kick              |     8 |     5 |     9 |    32 |     4 ||    58
       Peck              |     3 |     4 |     9 |    18 |     4 ||    38
       Staff             |     4 |     3 |     1 |       |       ||     8
       Punch             |       |     1 |     1 |     2 |       ||     4
       Whip              |       |       |    32 |    77 |    17 ||   126
Throw: Dart              |       |       |     9 |    31 |     2 ||    42
 Cast: Shock             |    44 |    57 |   146 |   175 |    69 ||   491
       Static Discharge  |     1 |     6 |    19 |    74 |    67 ||   167
       Swiftness         |       |       |     1 |     2 |     3 ||     6
       Airstrike         |       |       |     5 |   112 |   144 ||   261
       Poisonous Vapours |       |       |       |    34 |    80 ||   114
       Sticky Flame      |       |       |       |       |     7 ||     7
       Searing Ray       |       |       |       |       |     2 ||     2
       Corpse Rot        |       |       |       |       |     2 ||     2
Invok: Channel Magic     |       |       |       |     2 |       ||     2
Evoke: Wand              |       |       |       |     2 |     7 ||     9
  Use: Scroll            |       |       |       |    12 |     5 ||    17
       Potion            |       |       |       |       |     1 ||     1
 Stab: Sleeping          |       |       |     1 |       |       ||     1
       Paralysed         |       |       |       |     6 |       ||     6
Armor: Robe              |     4 |       |    23 |    28 |    18 ||    73
       Leather armour    |       |     4 |     6 |       |       ||    10
Dodge: Dodged            |    22 |    20 |    91 |   212 |   179 ||   524
Block: Other             |       |       |       |    19 |       ||    19
